 Dungeon Crawl Stone Soup version 0.30-a0-728-gc68057be0a (webtiles) character file.

Game seed: 6997546374216025837

3462 DeathSun the Grappler (level 9, -2/68 HPs)
             Began as a Demonspawn Gladiator on Jan 31, 2023.
             Was a Believer of Wu Jian.
             Slain by an orc warrior
             ... wielding a +0 war axe
              (12 damage)
             ... in a bailey.
             The game lasted 00:18:57 (7729 turns).

DeathSun the Grappler (Demonspawn Gladiator)        Turns: 7729, Time: 00:18:58

Health: -2/68      AC:  7    Str: 19    XL:     9   Next: 78%
Magic:  18/18      EV: 12    Int: 12    God:    Wu Jian [**....]
Gold:   348        SH:  0    Dex: 14    Spells: 8/8 levels left

rFire   . . .      SeeInvis +      - Unarmed
rCold   . . .      Faith    .    (no shield)
rNeg    . . .      Spirit   .    B - +0 steam dragon scales
rPois   .          Reflect  .    b - +0 helmet
rElec   .          Harm     .    r - +0 cloak
rCorr   .          Rampage  .    (no gloves)
Will    .....                    (no boots)
Stlth   +                        (no amulet)
HPRegen 0.31/turn                E - ring of see invisible
MPRegen 0.16/turn                n - ring of magical power

@: no status effects
A: spiny 2, big brain 1, weakness stinger 2
a: Renounce Religion, Wall Jump


You were in a bailey.
You worshipped Wu Jian.
Wu Jian was pleased with you.
You visited 2 branches of the dungeon, and saw 9 of its levels.
You also visited: Bailey.

You collected 348 gold pieces.

Inventory:

Missiles
 c - 3 throwing nets
 g - a javelin
 m - 5 atropa-tipped darts (quivered)
Armour
 a - a +0 leather armour
 b - a +0 helmet (worn)
 e - a +0 scale mail
 r - a +0 cloak (worn)
 B - +0 steam dragon scales (worn)
Jewellery
 n - a ring of magical power (right hand)
 s - a ring of magical power
 E - a ring of see invisible (left hand)
Wands
 u - a wand of digging (8)
 v - a wand of roots (14)
 w - a wand of flame (57)
Scrolls
 d - 2 scrolls of brand weapon
 i - a scroll of vulnerability
 j - 3 scrolls of teleportation
 l - 2 scrolls of noise
 o - 2 scrolls of enchant weapon
 q - a scroll of fog {unknown}
 t - a scroll of butterflies {unknown}
 x - 2 scrolls of identify
 y - a scroll of fear {unknown}
 C - a scroll of amnesia {unknown}
 D - 3 scrolls of magic mapping {unknown}
Potions
 f - 5 potions of might {unknown}
 h - a potion of curing {unknown}
 k - 4 potions of cancellation {unknown}
 p - 4 potions of attraction {unknown}
 z - 2 potions of mutation {unknown}
 A - a potion of resistance {unknown}
 F - a potion of invisibility {unknown}


   Skills:
 - Level 5.0 Fighting
 - Level 1.7 Throwing
 - Level 2.6 Dodging
 * Level 12.4 Unarmed Combat


You had 8 spell levels left.
You didn't know any spells.
Your spell library contained the following spells:

 Spells                   Type           Power      Damage    Failure   Level
 Summon Small Mammal      Summ           0%         N/A       32%         1
 Call Canine Familiar     Summ           0%         N/A       69%         3
 Summon Guardian Golem    Hex/Summ       0%         N/A       69%         3
 Airstrike                Air            0%         2d(0-16)  97%         4
 Summon Lightning Spire   Summ/Air       0%         N/A       97%         4
 Lightning Bolt           Conj/Air       0%         1d11      100%        5


Dungeon Overview and Level Annotations

Branches:
Dungeon (8/15)             Temple (1/1) D:4          Bailey (1/1)
   Lair: D:8-11

Altars:
Ashenzari
Cheibriados
Dithmenos
Fedhas
Gozag
Hepliaklqana
Kikubaaqudgha
Makhleb
Nemelex Xobeh
Okawaru
Qazlal
Ru
Sif Muna
Trog
Uskayaw
Vehumet
Wu Jian
Xom
Yredelemnul

Annotations:
D:3 Sigmund
D:8 Gastronok


Innate Abilities, Weirdness & Mutations

You are mostly covered in sharp spines.
You have an unusually large brain. (Int +2)
You have a tail ending in a sharp stinger.


Message History

The orc warrior hits you with a +0 hand axe.
You hit the orc warrior.
Your tail-slap misses the orc warrior.
The orc warrior is severely wounded.
The hobgoblin hits you with a +0 hand axe.
You spin and attack the orc warrior.
You barely miss the orc warrior.
The orc warrior is severely wounded.
The orc warrior hits you with a +0 hand axe.
You spin and attack the orc warrior.
You punch the orc warrior! Your punch misses the orc warrior.
The orc warrior is almost dead.
The orc warrior hits you with a +0 hand axe.
The gnoll is struck by your spines. The gnoll closely misses you.
The hobgoblin attacks as you move away!
The hobgoblin hits you but does no damage.
The gnoll attacks as you move away! The gnoll hits you with a +0 hand axe!
You barely miss the orc warrior.
The orc warrior is almost dead.
You hit the orc warrior.
You kill the orc warrior!
The Council accepts your kill. The hobgoblin is struck by your spines.
You kill the hobgoblin!
The Council accepts your kill.
You spin and attack the gnoll.
You hit the gnoll but do no damage. You tail-slap the gnoll.
The gnoll is heavily wounded.
The gnoll hits you but does no damage.
Okay, then.
The gnoll attacks as you move away! The gnoll closely misses you.
The gnoll attacks as you move away! The gnoll hits you but does no damage.
There is an open door here.
You punch the gnoll!
You kill the gnoll!
The Council accepts your kill.
The orc warrior is struck by your spines.
The orc warrior hits you with a +0 war axe!
* * * LOW HITPOINT WARNING * * *
The orc warrior attacks as you move away!
The orc warrior hits you with a +0 war axe!
You die...

#.......#
##.......##
#..)...)..#
##......)).##
#.....⌠.....#######
##.........##.....##
+.......).'.......#
##...o.o.##.......##
#..@oo..#.........#
##.....##.........##
#######.....⌠))...#
##.........##
#.........#
##.))....##
#.......# ##.....##
####)##


You could see 3 orc warriors and an orc.

Vanquished Creatures
  2 steam dragons
  Edmund (D:5)
  Duvessa (D:6)
  2 ice beasts
  A black bear (D:6)
  6 orc warriors
  3 ogres
  2 kobold brigands (D:6)
  Blork the orc (D:6)
  2 bullfrogs (D:7)
  2 necrophages
  5 scorpions
  Dowan (D:6)
  A howler monkey (D:5)
  2 jellies
  An iron imp (D:6)
  4 orc priests
  3 hounds
  3 gnoll boudas
  Terence (D:3)
  Natasha (thrice) (D:4)
  4 iguanas
  2 orc wizards
  5 adders
  21 gnolls
  2 shadow imps
  3 white imps
  3 dart slugs
  15 orcs
  5 bats (D:2)
  9 endoplasms
  8 giant cockroaches
  12 goblins
  11 hobgoblins
  2 jackals (D:3)
  4 quokkas
  5 ball pythons
  2 frilled lizards
  16 kobolds
176 creatures vanquished.

Vanquished Creatures (others)
  A fungus (D:3)
1 creature vanquished.

Grand Total: 177 creatures vanquished

Notes
Turn   | Place    | Note
-------+----------+-------------------------------------------
     0 | D:1      | DeathSun the Demonspawn Gladiator began the quest for the
                  | Orb.
     0 | D:1      | Reached XP level 1. HP: 16/16 MP: 1/1
    27 | D:1      | Reached skill level 3 in Unarmed Combat
   193 | D:1      | Gained mutation: You have a small tail. [demonic ancestry]
   193 | D:1      | Reached XP level 2. HP: 16/22 MP: 2/2
   611 | D:2      | Reached XP level 3. HP: 27/27 MP: 3/3
   738 | D:2      | Reached skill level 4 in Unarmed Combat
  1265 | D:3      | Noticed Sigmund
  1354 | D:3      | Found a faded altar of an unknown god.
  1508 | D:3      | Reached XP level 4. HP: 33/33 MP: 4/4
  1811 | D:3      | Reached skill level 5 in Unarmed Combat
  1825 | D:3      | Noticed Terence
  1857 | D:3      | Killed Terence
  1858 | D:3      | Gained mutation: You are partially covered in sharp spines.
                  | [demonic ancestry]
  1858 | D:3      | Reached XP level 5. HP: 6/38 MP: 5/5
  2045 | D:4      | Noticed an ogre
  2192 | D:4      | Found an opulent altar of Gozag.
  2566 | D:4      | Reached skill level 6 in Unarmed Combat
  2566 | D:4      | Gained mutation: You have a tail ending in a sharp stinger.
                  | [demonic ancestry]
  2566 | D:4      | Reached XP level 6. HP: 31/45 MP: 6/6
  2645 | D:4      | Noticed Natasha
  2660 | D:4      | Killed Natasha
  2811 | D:4      | Found a staircase to the Ecumenical Temple.
  2889 | Temple   | Entered the Ecumenical Temple
  3325 | Temple   | Became a worshipper of the Wu Jian Council
  3550 | D:4      | Noticed Natasha
  3556 | D:4      | Killed Natasha
  3557 | D:4      | Reached XP level 7. HP: 48/52 MP: 7/7
  3722 | D:4      | Noticed Natasha
  3728 | D:4      | Killed Natasha
  3739 | D:5      | Entered Level 5 of the Dungeon
  3746 | D:5      | Reached skill level 7 in Unarmed Combat
  4003 | D:5      | Found a hide-covered altar of Uskayaw.
  4366 | D:5      | Noticed Edmund
  4380 | D:5      | Killed Edmund
  4380 | D:5      | Reached * piety under Wu Jian
  4381 | D:5      | Reached skill level 8 in Unarmed Combat
  4381 | D:5      | Gained mutation: You are mostly covered in sharp spines.
                  | [demonic ancestry]
  4381 | D:5      | Reached XP level 8. HP: 15/61 MP: 8/8
  4932 | D:5      | Reached skill level 5 in Fighting
  5492 | D:6      | Reached skill level 9 in Unarmed Combat
  5766 | D:6      | Reached skill level 10 in Unarmed Combat
  5968 | D:6      | Identified the +1 leather armour of Dim Light {Rampage
                  | Drain rElec}
  5983 | D:6      | Noticed Blork the orc
  6062 | D:6      | Noticed Dowan
  6069 | D:6      | Noticed Duvessa
  6075 | D:6      | Killed Blork the orc
  6076 | D:6      | Gained mutation: You have an unusually large brain. (Int
                  | +2) [demonic ancestry]
  6076 | D:6      | Reached XP level 9. HP: 57/68 MP: 9/9
  6077 | D:6      | Killed Duvessa
  6085 | D:6      | Killed Dowan
  6445 | D:6      | Found a snail-covered altar of Cheibriados.
  6645 | D:7      | Reached skill level 11 in Unarmed Combat
  6652 | D:7      | Reached ** piety under Wu Jian
  7435 | D:8      | Noticed Gastronok
  7481 | D:8      | Found a flagged portal.
  7491 | Bailey   | Entered a bailey
  7635 | Bailey   | Reached skill level 12 in Unarmed Combat
  7729 | Bailey   | Slain by an orc warrior

Illustrated notes

Levels and vault maps discovered:
D:1:      lemuel_arrival_hallway, layout_rooms
D:2:      layout_basic
D:3:      layout_basic, shapermc_ecumenical_altar_ellora, uniq_sigmund,
          uniq_terence
D:4:      layout_loops_ring, grunt_gozag_statues, temple_doors_e, uniq_natasha
D:5:      layout_layer_cave, eat_drink_and_be_merry_uskayaw, uniq_edmund
D:6:      layout_rooms, slow_altar_2, uniq_duvessa, uniq_blork_the_orc
D:7:      layout_basic
D:8:      minmay_statue_hallways, layout_rooms, lair_entry_dummy,
          enter_bailey_1, uniq_gastronok
Temple:   compressed_dpeg_triangle_lava_temple
Bailey:   bailey_axe_minmay_hex_keep, bailey

Skill      XL: |  1  2  3  4  5  6  7  8  9 |
---------------+----------------------------+-----
Unarmed Combat | 3 4 5 6 8 10 12 | 12.4
Fighting       | 3 4 5 |  5.0
Throwing       | |  1.7
Dodging        | |  2.6

Action                     |  1- 3 |  4- 6 |  7- 9 || total
---------------------------+-------+-------+-------++-------
  Melee: Unarmed           |   139 |    99 |   273 ||   511
         Punch             |     3 |     2 |    12 ||    17
         Tailslap          |    16 |    20 |    42 ||    78
  Throw: Dart              |       |     5 |     6 ||    11
         Javelin           |       |     1 |       ||     1
         Throwing net      |       |     1 |       ||     1
Ability: Lunge             |       |     4 |    25 ||    29
         Whirlwind         |       |       |    12 ||    12
    Use: Scroll            |       |     4 |     1 ||     5
   Stab: Sleeping          |     1 |       |       ||     1
         Invisible         |       |     1 |     1 ||     2
 Armour: Scale mail        |    60 |    18 |    18 ||    96
         Leather armour    |     2 |       |       ||     2
         Steam dragon scal |       |       |    35 ||    35
  Dodge: Dodged            |    59 |    34 |   114 ||   207

Table legend: (Time is in decaauts)
 A = Elapsed time spent in this place.
 B = Non-inter-level travel time spent in this place.
 C = Inter-level travel time spent in this place.
 D = Time resting spent in this place.
 E = Time spent auto-exploring this place.
 F = Levels seen in this place.
 G = Mean time per level.
                   A        B        C        D        E       F      G
               +--------+--------+--------+--------+--------+-----+--------+
         Total |   7677 |   7209 |    468 |      0 |   5503 |  10 |  767.7 |
       Dungeon |   7005 |   6542 |    463 |      0 |   5050 |   8 |  875.6 |
        Temple |    445 |    440 |      5 |      0 |    370 |   1 |  445.0 |
        Bailey |    227 |    227 |      0 |      0 |     83 |   1 |  227.0 |
               +--------+--------+--------+--------+--------+-----+--------+

Top non-repeatable levels by time:
     D:5: 2047 daAuts
     D:4: 1160 daAuts
     D:7: 951 daAuts
     D:2: 811 daAuts
     D:6: 715 daAuts
     D:3: 714 daAuts
     D:1: 590 daAuts
  Temple: 445 daAuts
  Bailey: 227 daAuts
     D:8: 14 daAuts
